 Dungeon Crawl Stone Soup version 0.31.0-1-g2c135a0 (webtiles) character file.

Game seed: 14363272295220100629

3407 samcosmo the Destroyer (level 10, -4/56 HPs)
             Began as a Gargoyle Earth Elementalist on Mar 17, 2024.
             Was a Follower of Sif Muna.
             Slain by a troll (6 damage)
             ... on level 7 of the Dungeon.
             The game lasted 00:30:06 (7633 turns).

samcosmo the Destroyer (GrEE)                       Turns: 7633, Time: 00:30:06

Health: -4/56      AC: 11    Str: 12    XL:     10   Next: 4%
Magic:  6/29       EV: 12    Int: 27    God:    Sif Muna [*.....]
Gold:   21         SH:  5    Dex: 10    Spells: 8/23 levels left

rFire   . . .        v - +8 long sword of Jytoat {pain, ^Contam rElec rN++ Int+4}
rCold   . . .        (no shield)
rNeg    + + +        a - +0 robe
rPois   ∞            m - +0 helmet
rElec   +            (no cloak)
rCorr   .            (no gloves)
SInv    .            h - +0 pair of boots
Will    .....        l - amulet of reflection
Stlth   +++          x - ring of Alyekobi {MP+9 Int+3 Stlth+}
HPRegen 0.29/turn    (no ring)
MPRegen 0.21/turn

%: reflection
@: studying Stealth, invisible
A: sickness immunity, AC +7, negative energy resistance 1, electricity
resistance, torment resistance 1, petrification resistance
a: Renounce Religion, Channel Magic


You were on level 7 of the Dungeon.
You worshipped Sif Muna.
Sif Muna was aware of your devotion.
You visited 2 branches of the dungeon, and saw 8 of its levels.

You collected 382 gold pieces.
You spent 361 gold pieces at shops.

Inventory:

Hand Weapons
 c - a +0 short sword
 i - a +2 whip of electrocution
 v - the +8 long sword of Jytoat (weapon) {pain, ^Contam rElec rN++ Int+4}
   (You found it on level 6 of the Dungeon)

   Int+4:     It affects your intelligence (+4).
   rElec:     It insulates you from electricity.
   rN++:      It greatly protects you from negative energy.
   ^Contam:   It causes magical contamination when unequipped.
 w - the +5 long sword of the Magi {flame, rN+ Str+5}
   (You found it on level 6 of the Dungeon)

   Str+5:     It affects your strength (+5).
   rN+:       It protects you from negative energy.
Missiles
 r - a throwing net
Armour
 a - a +0 robe (worn)
 h - a +0 pair of boots (worn)
 m - a +0 helmet (worn)
Magical Staves
 f - a staff of death
Jewellery
 l - an amulet of reflection (around neck)
 o - the ring "Jeech" {rF+ rC++ Int-2 Dex+4 Slay+2}
   (You found it on level 4 of the Dungeon)

   [ring of protection from fire]

   Int-2:     It affects your intelligence (-2).
   Dex+4:     It affects your dexterity (+4).
   Slay+2:    It affects your accuracy & damage with ranged weapons and melee
   (+2).
   rF+:       It protects you from fire.
   rC++:      It greatly protects you from cold.
 x - the ring of Alyekobi (left hand) {MP+9 Int+3 Stlth+}
   (You bought it in a shop on level 3 of the Dungeon)

   [ring of magical power]

   Int+3:     It affects your intelligence (+3).
   MP+9:      It affects your magic capacity (+9).
   Stlth+:    It makes you more stealthy.
Wands
 q - a wand of iceblast (11)
Scrolls
 j - 2 scrolls of vulnerability
 s - a scroll of immolation
Potions
 b - a potion of magic
 e - a potion of ambrosia
 g - 3 potions of degeneration
 p - a potion of resistance
 t - a potion of curing {unknown}
 u - 2 potions of might


   Skills:
 + Level 4.1 Fighting
 - Level 2.1 Dodging
 - Level 2.1 Stealth
 * Level 7.0 Spellcasting
 - Level 9.0 Conjurations
 + Level 8.5 Earth Magic
 + Level 3.8 Invocations


You had 8 spell levels left.
You knew the following spells:

 Your Spells              Type           Power      Damage    Failure   Level
a - Sandblast             Erth           100%       2d20      1%          1
b - Brom's Barrelling Bo  Conj/Erth      54%        2d7       1%          4
c - Passwall              Erth           53%        N/A       1%          3
d - Stone Arrow           Conj/Erth      100%       3d13      1%          3
e - Petrify               Alch/Erth      32%        N/A       10%         4

Your spell library contained the following spells:

 Spells                   Type           Power      Damage    Failure   Level
 Sting                    Conj/Alch      100%       1d9       1%          1
 Apportation              Tloc           18%        N/A       6%          1
 Necrotise                Necr           36%        1d5       6%          1
 Summon Small Mammal      Summ           36%        N/A       6%          1
 Gell's Gravitas          Tloc           9%         N/A       17%         3
 Teleport Other           Tloc           9%         N/A       17%         3
 Summon Forest            Summ/Tloc      4%         N/A       85%         5
 Dispersal                Tloc           4%         N/A       100%        6
 Eringya's Noxious Bog    Alch           4%         4d6       100%        6
 Summon Hydra             Summ           4%         N/A       100%        7


Dungeon Overview and Level Annotations

Branches:
Dungeon (7/15)             Temple (1/1) D:6

Altars:
Ashenzari
Cheibriados
Dithmenos
Elyvilon
Fedhas
Gozag
Hepliaklqana
Kikubaaqudgha
Makhleb
Nemelex Xobeh
Qazlal
Sif Muna
Wu Jian
Xom
Yredelemnul
Zin
The Shining One

Shops:
D:2 :   D:3 =


Innate Abilities, Weirdness & Mutations

You are immune to sickness and miasma.
Your stone body is resilient. (AC +7)
You are immune to poison.
You resist negative energy. (rN+)
You are resistant to electric shocks. (rElec)
You are resistant to unholy torment.
You are immune to petrification.


Message History

The troll misses you. The troll claws you.
* * * LOW HITPOINT WARNING * * *
Casting: Stone Arrow (safe; 1% risk of failure)
Confirm with . or Enter, or press ? or * to list all spells.
Aiming: Stone Arrow (safe; 1% risk of failure)
Press: ? - help, Shift-Dir - straight line, f/p - manticore
Aim: a manticore (almost dead, wandering, unable to see you, hasn't noticed you, 87% to hit)
The stone arrow hits the manticore!!
You kill the manticore!
Sif Muna accepts your kill. You block the troll's attack.
The troll claws you but does no damage. The troll claws you!
* * * LOW HITPOINT WARNING * * *
Training target 9.0 for Conjurations reached!
Your Fighting skill increases to level 4!
Your Spellcasting skill increases to level 7!
Your Conjurations skill increases to level 9!
You have reached level 10!
Okay, then.
Okay, then.
Okay, then.
You block the iguana's attack. The troll misses you.
The troll completely misses you. The troll closely misses you.
You closely miss the troll.
The iguana bites you but does no damage.
The troll barely misses you. The troll closely misses you. The troll claws you.
* * * LOW HITPOINT WARNING * * *
You block the iguana's attack.
Okay, then.
Casting: Stone Arrow (safe; 1% risk of failure)
Confirm with . or Enter, or press ? or * to list all spells.
Aiming: Stone Arrow (safe; 1% risk of failure)
Press: ? - help, Shift-Dir - straight line, f - troll
Aim: a troll (unable to see you, 78% to hit)
The stone arrow hits the troll!!
The troll is severely wounded.
The troll barely misses you. The troll claws you.
* * * LOW HITPOINT WARNING * * *
The troll claws you.
You die...

#.♣♣..#.# #....#
#.♣..♣#.# #....# ##
##+## #...♣ #.#
#....# .. #...# #..♣
#.# #..Y.# ♣.♣...♣
♣.♣♣♣.♣♣♣♣#(## #.o9.#
♣.'<8>+
♣........(..####.####
♣f♣...♣
♣.♣♣♣.♣♣♣♣#.†[....#
.. #...# #l♣
#.#####.# ## ##o##
#@♣ #.# #[# l. #T♣
#.# #.# W.♣ #.. #.#
#.# .T♣ #..♣ #.# #.#
♣♣♣ #.♣. #.# #>#
#######.#####.#
#..##....####
######.....#####..
#......##### #..


You could see a troll (wandering, unable to see you) and an iguana (unable to
see you).

Vanquished Creatures
  An ugly thing (D:7)
  A manticore (D:7)
  A gargoyle (D:7)
  2 water moccasins
  2 ice beasts (D:7)
  A sky beast (D:7)
  An orc warrior (D:7)
  An ogre (D:5)
  A centaur (D:5)
  A bullfrog (D:6)
  4 scorpions
  A gnoll sergeant (D:7)
  4 killer bees (D:5)
  A howler monkey (D:6)
  A hound (D:4)
  4 orc priests
  3 bombardier beetles
  A jelly (D:7)
  3 sleepcaps
  An iguana (D:4)
  Terence (D:2)
  5 orc wizards
  Robin (D:4)
  11 gnolls
  9 adders
  2 ufetubi (D:6)
  4 ribbon worms
  A dart slug (D:4)
  23 orcs
  4 endoplasms
  5 giant cockroaches
  16 goblins
  14 hobgoblins
  9 jackals
  4 quokkas
  4 ball pythons
  4 bats (D:2)
  3 frilled lizards
  6 kobolds
  6 rats
167 creatures vanquished.

Vanquished Creatures (collateral kills)
  Prince Ribbit (D:7)
  5 boulders (D:7)
6 creatures vanquished.

Vanquished Creatures (others)
  4 boulders (D:7)
4 creatures vanquished.

Grand Total: 177 creatures vanquished

Notes
Turn   | Place    | Note
-------+----------+-------------------------------------------
     0 | D:1      | samcosmo the Gargoyle Earth Elementalist began the quest
                  | for the Orb.
     0 | D:1      | Reached XP level 1. HP: 10/10 MP: 3/3
   275 | D:1      | Reached XP level 2. HP: 16/16 MP: 3/5
  1015 | D:2      | Noticed Terence
  1066 | D:2      | Reached skill level 1 in Fighting
  1313 | D:2      | Reached XP level 3. HP: 20/20 MP: 4/6
  1475 | D:2      | Killed Terence
  1564 | D:2      | Reached XP level 4. HP: 25/25 MP: 5/8
  1628 | D:2      | Learned a level 4 spell: Brom's Barrelling Boulder
  1854 | D:2      | Found Jeaprafuoz's Vocational Training.
  1929 | D:2      | Found a faded altar of an unknown god.
  2276 | D:3      | Reached skill level 2 in Conjurations
  2502 | D:3      | Reached XP level 5. HP: 29/29 MP: 4/9
  2792 | D:3      | Found a glowing golden altar of the Shining One.
  2839 | D:3      | Found Oroguan's Jewellery Emporium.
  2894 | D:3      | Learned a level 3 spell: Passwall
  3054 | D:4      | Reached skill level 3 in Conjurations
  3181 | D:4      | Noticed Robin
  3196 | D:4      | Reached XP level 6. HP: 32/34 MP: 9/11
  3203 | D:4      | Killed Robin
  3325 | D:4      | Reached skill level 5 in Earth Magic
  3402 | D:4      | Reached skill level 4 in Conjurations
  3625 | D:4      | Reached XP level 7. HP: 34/38 MP: 4/12
  3630 | D:4      | Identified the ring "Jeech" {rF+ rC++ Int-2 Dex+4 Slay+2}
  4026 | D:5      | Entered Level 5 of the Dungeon
  4055 | D:5      | Reached skill level 5 in Conjurations
  4498 | D:5      | Reached skill level 6 in Conjurations
  4498 | D:5      | Reached XP level 8. HP: 43/43 MP: 11/15
  5002 | D:5      | Found a blossoming altar of Fedhas.
  5106 | D:5      | Found a stormy altar of Qazlal.
  5117 | D:5      | Reached skill level 5 in Spellcasting
  5263 | D:6      | Reached skill level 7 in Conjurations
  5884 | D:6      | Identified the +8 long sword of Jytoat {pain, ^Contam rElec
                  | rN++ Int+4}
  5895 | D:6      | Identified the +5 long sword of the Magi {flame, rN+ Str+5}
  5971 | D:6      | Found a staircase to the Ecumenical Temple.
  5979 | Temple   | Entered the Ecumenical Temple
  6009 | Temple   | Became a worshipper of Sif Muna the Loreminder
  6409 | D:7      | Noticed Prince Ribbit
  6445 | D:7      | Noticed a troll
  6571 | D:7      | Reached skill level 1 in Invocations
  6573 | D:7      | Reached XP level 9. HP: 17/47 MP: 0/17
  6664 | D:7      | Reached skill level 8 in Conjurations
  6938 | D:7      | Found a white marble altar of Elyvilon.
  6989 | D:7      | Killed Prince Ribbit
  7005 | D:7      | Noticed a manticore
  7046 | D:7      | Noticed a gargoyle
  7235 | D:6      | Learned a level 3 spell: Stone Arrow
  7352 | D:3      | Bought the ring of Alyekobi {MP+9 Int+3 Stlth+} for 361
                  | gold pieces
  7459 | D:7      | Reached * piety under Sif Muna
  7465 | D:7      | Learned a level 4 spell: Petrify
  7468 | D:7      | Killed a gargoyle
  7544 | D:7      | Noticed a white ugly thing
  7547 | D:7      | Noticed a manticore
  7552 | D:7      | Killed a white ugly thing
  7630 | D:7      | Killed a manticore
  7631 | D:7      | Reached skill level 9 in Conjurations
  7631 | D:7      | Reached XP level 10. HP: 4/56 MP: 9/20
  7633 | D:7      | HP: 2/56 [troll (2)]
  7633 | D:7      | Slain by a troll

Illustrated notes

Levels and vault maps discovered:
D:1:      dpeg_arrival_boxorama, layout_basic, st_stairs_11,
          minmay_misc_feat_rugged
D:2:      layout_basic, shapermc_ecumenical_altar_flowoftime,
          minmay_misc_feat_four_crosses, nicolae_shop_vocational, uniq_terence
D:3:      layout_basic, tso_altar, serial_shops, shop
D:4:      layout_cave_pools, uniq_robin
D:5:      layout_loops_ring, grunt_qazlal_clouds, fedhas_bush_and_centaur_altar
D:6:      layout_basic, minmay_temple_entry_glassed_door
D:7:      nzn_winding_woodlands_stair_cross
          [nzn_winding_woodlands_5x15_sawtooth,
          nzn_winding_woodlands_center_lodge, nzn_winding_woodlands_5x15_parted,
          nzn_winding_woodlands_5x5_perimeter, nzn_winding_woodlands_5x5_cross,
          nzn_winding_woodlands_5x15_crooked,
          nzn_winding_woodlands_center_pierced_h,
          nzn_winding_woodlands_5x15_pockets], layout_rooms, elyvilon_altar_4,
          uniq_prince_ribbit1, uniq_pikel
Temple:   oiseaux_autumnal_temple

Skill      XL: |  1  2  3  4  5  6  7  8  9 |
---------------+----------------------------+-----
Fighting       | 1 4 |  4.1
Dodging        | 2 |  2.1
Earth Magic    | 4 5 6 7 8 |  8.5
Spellcasting   | 3 4 5 7 |  7.0
Conjurations   | 2 3 4 6 7 9 |  9.0
Invocations    | 1 3 |  3.8
Stealth        | |  2.1

Action                     |  1- 3 |  4- 6 |  7- 9 | 10-12 || total
---------------------------+-------+-------+-------+-------++-------
  Melee: Short sword       |     6 |       |       |       ||     6
         Whip              |     9 |       |       |       ||     9
         Long sword        |       |       |     4 |     1 ||     5
   Cast: Sandblast         |    49 |   108 |   138 |       ||   295
         Brom's Barrelling |       |       |    11 |       ||    11
         Stone Arrow       |       |       |     8 |     1 ||     9
         Passwall          |       |       |     1 |       ||     1
    Use: Scroll            |       |     4 |     8 |       ||    12
         Potion            |       |       |     2 |       ||     2
 Armour: Robe              |    23 |    43 |    70 |     4 ||   140
  Dodge: Dodged            |    22 |    36 |    54 |     6 ||   118
  Block: Other             |       |    13 |    19 |     2 ||    34
